 Dungeon Crawl Stone Soup version 0.21-a0-522-ga8338f0 (webtiles) character file.

9950 4thArraOfDagon the Severer (level 11, -1/123 (124) HPs)
             Began as a Hill Orc Enchanter on Dec 6, 2017.
             Was an Elder of Hepliaklqana.
             Slain by Snorg (9 damage)
             ... on level 10 of the Dungeon.
             The game lasted 00:38:15 (7012 turns).

4thArraOfDagon the Severer (Hill Orc Enchanter)     Turns: 7012, Time: 00:38:16

HP:   -1/123 (124)  AC: 13    Str: 19    XL:     11   Next: 54%
MP:   9/14          EV: 11    Int: 18    God:    Hepliaklqana [****..]
Gold: 345           SH:  0    Dex: 11    Spells: 6/13 levels left

rFire    + . .     SeeInvis .   Q - +0 war axe
rCold    + + .     Gourm    .   (no shield)
rNeg     . . .     Faith    +   p - +0 troll leather armour
rPois    +         Spirit   .   f - +0 helmet
rElec    .         Reflect  .   F - +0 cloak of the Fife {rC++ MR-}
rCorr    .         Harm     .   L - +1 pair of gloves
MR       .....                  (no boots)
Stlth    ..........             R - amulet of faith
HPRegen  0.70/turn              P - ring of stealth
MPRegen  0.14/turn              n - +2 ring of protection

@: berserking (expiring), very quick
A: reduced essence, hooves 1, slimy green scales 1, camouflage 1, fire
resistance 1, low mp 1, mutation resistance 1, poison resistance, strong 1,
subdued magic 1, MP-powered wands
a: Recall Ancestor, Ancestor Identity, Transference, Idealise, Renounce Religion


You were on level 10 of the Dungeon.
You worshipped Hepliaklqana.
Hepliaklqana was greatly pleased with you.
You were not hungry.

You visited 1 branch of the dungeon, and saw 10 of its levels.
You also visited: Sewer.

You collected 565 gold pieces.
You spent 220 gold pieces at shops.

Inventory:

Hand Weapons
 Q - a +0 war axe (weapon)
Armour
 b - a +0 robe
 f - a +0 helmet (worn)
 p - a +0 troll leather armour (worn)
 s - a +0 chain mail
 y - a +0 robe
 z - a +0 ring mail
 F - the +0 cloak of the Fife (worn) {rC++ MR-}
   (You found it in a sewer)

   It greatly protects you from cold.
   It affects your resistance to hostile enchantments.
 H - a +2 robe of positive energy
 K - a +2 buckler
 L - a +1 pair of gloves (worn)
 N - a +2 cloak of magic resistance
 S - a +1 ring mail of fire resistance
 T - a +2 ring mail of magic resistance
Jewellery
 n - a +2 ring of protection (right hand)
 I - an uncursed ring of fire
 O - an uncursed ring of wizardry
 P - a ring of stealth (left hand)
 R - an amulet of faith (around neck)
Wands
 q - a wand of random effects (141)
 r - a wand of paralysis (24)
 v - a wand of enslavement (2)
 C - a wand of acid (4)
Scrolls
 a - 3 scrolls of remove curse
 i - 3 scrolls of enchant armour
 m - 4 scrolls of teleportation
 o - a scroll of enchant weapon {unknown}
 x - a scroll of fog {unknown}
 D - a scroll of noise
 G - a scroll of immolation
 V - a scroll of blinking {unknown}
Potions
 e - 4 potions of invisibility
 g - 2 potions of curing
 h - 2 potions of haste
 j - 2 potions of cancellation
 k - 4 potions of agility
 l - 2 potions of flight
 u - a potion of lignification
 w - a potion of resistance
 A - 4 potions of brilliance
 B - 5 potions of heal wounds
 E - 2 potions of might
 J - 3 potions of ambrosia
 U - a potion of mutation {unknown}
Books
 c - a book of Maledictions

   Spells                             Type                      Level
   a - Corona                         Hexes                        1
   b - Ensorcelled Hibernation        Hexes/Ice                    2
   c - Confuse                        Hexes                        3
   d - Tukima's Dance                 Hexes                        3
   e - Dazzling Spray                 Conjuration/Hexes            3
Comestibles
 d - 6 bread rations
 t - 6 meat rations


   Skills:
 - Level 7.6 Fighting
   Level 1.0 Short Blades
 * Level 18.3 Axes
 - Level 4.1 Armour
 - Level 1.5 Dodging
 - Level 2.4 Stealth
 - Level 1.5 Spellcasting
 - Level 3.0 Hexes
 - Level 6.1 Invocations


You had 6 spell levels left.
You knew the following spells:

 Your Spells              Type           Power        Failure   Level  Hunger
a - Corona                Hex            #......      4%          1    ##.....
b - Ensorcelled Hibernat  Hex/Ice        #.....       16%         2    ###....
c - Confuse               Hex            #.......     16%         3    ####...
d - Apportation           Tloc           #.....       19%         1    ##.....


Dungeon Overview and Level Annotations

Branches:
Dungeon (10/15)            Temple (0/1) D:4             Orc (0/2) D:9
   Lair: D:8-11

Altars:
Cheibriados
Hepliaklqana
Okawaru
Trog
Uskayaw
Xom
The Shining One

Shops:
D:6 !

Annotations:
D:10 Snorg


Innate Abilities, Weirdness & Mutations

Your life essence is reduced to manifest your ancestor. (-10% HP)
You have large cloven feet.
You are partially covered in slimy green scales. (AC +2)
Your skin changes colour to match your surroundings (Stealth+).
Your flesh is heat resistant. (rF+)
Your magical capacity is low. (-10% MP)
You are somewhat resistant to further mutation.
Your system is resistant to poisons. (rPois)
Your muscles are strong. (Str +2)
Your spells are a little easier to cast, but a little less powerful.
You expend magic power (3 MP) to strengthen your wands.


Message History

Snorg claws you.
* * * LOW HITPOINT WARNING * * *
Snorg barely misses you.
Nozipho hits Snorg with a flail.
You barely miss Snorg. You kick Snorg!
Snorg is heavily wounded.
Unknown command.
Unknown command.
You slice Snorg!! You kick Snorg.
Snorg is severely wounded.
Snorg misses you. Snorg claws you but does no damage. Snorg claws you.
* * * LOW HITPOINT WARNING * * *
Nozipho hits Snorg with a flail!
Unknown command.
Unknown command.
You slice Snorg!! Your kick misses Snorg.
Snorg is almost dead.
Snorg bites you!
* * * LOW HITPOINT WARNING * * *
Snorg claws you!
You die...

#.......## ##+######
####..### ##..
####.##### #..
#......>.# #.#
#...<....# ##.#######
#........# #........#
.........###........#
#..........#........#
#......@.#.#........####
#.....TR.#.#............
#........#..........####
#..[.....###....<...#
#........# #........#
#...(....# ####.#####
########## #.### #..(#
###.#


You could see the friendly Nozipho the knight and Snorg (berserk).

Vanquished Creatures
  A two-headed ogre (D:7)
  An ugly thing (D:9)
  Psyche (D:10)
  A gargoyle (D:10)
  2 trolls
  2 orc warriors
  The ghost of Ijustatesigmund the Skirmisher, an amateur HOAr (D:4)
  A steam dragon (D:9)
  A hungry ghost (D:7)
  A water moccasin (D:7)
  A swamp drake (D:9)
  An ice beast (D:9)
  2 black bears (D:6)
  A sky beast (D:6)
  2 iguanas
  A phantom (D:9)
  3 centaurs
  2 bullfrogs (D:7)
  5 killer bees (D:9)
  A howler monkey (D:10)
  A bullfrog zombie (D:5)
  A bullfrog skeleton (D:4)
  A jelly (D:7)
  3 orc priests
  A centaur zombie (D:9)
  2 centaur skeletons
  A hound (D:9)
  3 orc wizards
  A worker ant (D:4)
  A mummy (D:5)
  A worker ant zombie (D:8)
  4 adders
  2 gnolls (D:8)
  A shadow imp (D:9)
  2 oozes
  An adder skeleton (D:9)
  A worm (D:8)
  A dart slug (D:3)
  An ancestor (D:4)
  7 leopard geckos
  24 orcs
  A ball python (Sewer)
  5 bats
  7 giant cockroaches
  2 hobgoblins (D:1)
  4 jackals (D:1)
  A quokka (D:9)
  A ball python skeleton (D:5)
  12 frilled lizards
  4 goblins
  8 kobolds
  A leopard gecko skeleton (D:5)
  5 rats
142 creatures vanquished.

Vanquished Creatures (collateral kills)
  A two-headed ogre (D:9)
  Pikel (D:4)
  Maurice (D:8)
  The ghost of darxusza the Shield-Bearer, a novice DsFi of Yredelemnul (D:6)
  Prince Ribbit (D:7)
  Sigmund (D:5)
  Eustachio (D:5)
  5 sky beasts
  A necrophage (D:9)
  5 orc warriors
  A slave (D:4)
  3 ogres
  A crocodile (D:9)
  A centaur (D:9)
  A big kobold (D:7)
  6 bullfrogs
  2 wyvern skeletons (D:9)
  A scorpion (D:4)
  5 killer bees
  A howler monkey (D:5)
  A hound (D:8)
  2 centaur skeletons
  2 jellies
  7 orc priests
  3 orc wizards
  An iguana (D:6)
  5 worker ants
  A gnoll (D:8)
  4 adders
  2 shadow imps
  A worm (D:3)
  4 leopard geckos
  13 orcs
  5 giant cockroaches
  3 goblins
  3 hobgoblins
  4 jackals
  3 quokkas
  5 bats
  3 frilled lizards
  A jackal skeleton (D:4)
  2 kobolds
  A leopard gecko skeleton (D:5)
116 creatures vanquished.

Vanquished Creatures (others)
  3 knights
  A gnoll (D:8)
  3 ancestors (D:1)
7 creatures vanquished.

Grand Total: 265 creatures vanquished

Notes
Turn   | Place    | Note
-------+----------+-------------------------------------------
     0 | D:1      | 4thArraOfDagon the Hill Orc Enchanter began the quest for the Orb.
     0 | D:1      | Reached XP level 1. HP: 14/14 MP: 3/3
    20 | D:2      | Found a hazy altar of Hepliaklqana.
    28 | D:2      | Became a worshipper of Hepliaklqana the Forgotten
   114 | D:1      | Reached skill level 1 in Fighting
   159 | D:1      | Reached XP level 2. HP: 8/21 MP: 1/4
   212 | D:1      | Learned a level 2 spell: Ensorcelled Hibernation
   325 | D:1      | Reached XP level 3. HP: 10/27 MP: 2/5
   841 | D:2      | Reached XP level 4. HP: 22/36 MP: 3/6
   902 | D:2      | Reached * piety under Hepliaklqana
  1244 | D:3      | Reached skill level 5 in Fighting
  1250 | D:3      | Learned a level 3 spell: Confuse
  1255 | D:3      | Found an iron altar of Okawaru.
  1387 | D:3      | Reached XP level 5. HP: 11/43 MP: 4/7
  1510 | D:3      | Noticed an orc warrior
  1539 | D:3      | You fall through a shaft!
  1540 | D:4      | Noticed Ijustatesigmund's ghost (amateur HOAr)
  1681 | D:5      | Entered Level 5 of the Dungeon
  1684 | D:5      | Reached ** piety under Hepliaklqana
  1687 | D:5      | Remembered your ancestor Nozipho as a knight
  1725 | D:5      | Reached skill level 1 in Axes
  1735 | D:5      | Reached skill level 2 in Axes
  1797 | D:5      | Noticed a sky beast
  1824 | D:5      | HP: 2/45 [sky beast (5)]
  1825 | D:5      | Killed a sky beast
  1825 | D:5      | Reached skill level 4 in Axes
  1825 | D:5      | Reached XP level 6. HP: 3/51 MP: 1/8
  1962 | D:5      | Noticed Sigmund
  1977 | D:5      | Killed Sigmund
  1977 | D:5      | Reached skill level 5 in Axes
  1990 | D:5      | Noticed Eustachio
  1994 | D:5      | Reached XP level 7. HP: 43/56 MP: 9/9
  2026 | D:4      | Found a staircase to the Ecumenical Temple.
  2038 | D:5      | Killed Eustachio
  2038 | D:5      | Reached skill level 6 in Axes
  2117 | D:5      | Found a snail-covered altar of Cheibriados.
  2125 | D:5      | Reached skill level 7 in Axes
  2341 | D:5      | Reached skill level 1 in Invocations
  2387 | D:5      | Reached skill level 8 in Axes
  2485 | D:6      | Found a glowing drain.
  2502 | Sewer    | Entered a sewer
  2579 | Sewer    | Reached skill level 1 in Armour
  2675 | Sewer    | Reached XP level 8. HP: 12/63 MP: 10/10
  2720 | Sewer    | Got a fine cloak
  2732 | Sewer    | Identified the cursed +0 cloak of the Fife {rC++ MR-} (You found it in a sewer)
  2875 | D:6      | Gained mutation: Your system is resistant to poisons. (rPois) [mutagenic meat]
  2876 | D:6      | Gained mutation: Your flesh is heat resistant. (rF+) [mutagenic meat]
  2877 | D:6      | Gained mutation: You have large cloven feet. [mutagenic meat]
  2879 | D:6      | Gained mutation: You expend magic power (3 MP) to strengthen your wands. [mutagenic meat]
  3008 | D:6      | Found a bloodstained altar of Trog.
  3014 | D:6      | Noticed darxusza's ghost (novice DsFi)
  3016 | D:6      | Reached skill level 9 in Axes
  3043 | D:6      | Killed darxusza's ghost
  3340 | D:6      | Reached XP level 9. HP: 28/71 MP: 3/12
  3358 | D:6      | Reached skill level 10 in Axes
  3386 | D:6      | Reached *** piety under Hepliaklqana
  3465 | D:6      | Found Asmoc's Distillery.
  3468 | D:6      | Bought a potion of heal wounds for 55 gold pieces
  3468 | D:6      | Bought a potion of lignification for 33 gold pieces
  3468 | D:6      | Bought a potion of ambrosia for 88 gold pieces
  3468 | D:6      | Bought a potion of agility for 44 gold pieces
  3727 | D:4      | Killed Ijustatesigmund's ghost
  3749 | D:4      | Reached skill level 5 in Invocations
  3935 | D:4      | Found a shimmering altar of Xom.
  3996 | D:4      | Noticed Pikel
  4017 | D:4      | Killed Pikel
  4017 | D:4      | Reached skill level 11 in Axes
  4170 | D:4      | Found a bloodstained altar of Trog.
  4319 | D:7      | Noticed a troll
  4331 | D:7      | Killed a troll
  4331 | D:7      | Reached skill level 12 in Axes
  4359 | D:7      | Noticed a two-headed ogre
  4370 | D:7      | Killed a two-headed ogre
  4370 | D:7      | Reached skill level 13 in Axes
  4370 | D:7      | Reached XP level 10. HP: 64/79 MP: 2/14
  4507 | D:7      | Reached skill level 14 in Axes
  4514 | D:7      | Gained mutation: Your skin changes colour to match your surroundings (Stealth+). [mutagenic meat]
  4515 | D:7      | Gained mutation: Your muscles are strong. (Str +2) [mutagenic meat]
  4516 | D:7      | Gained mutation: Your magical capacity is low. (-10% MP) [mutagenic meat]
  4517 | D:7      | Gained mutation: You are somewhat resistant to further mutation. [mutagenic meat]
  4518 | D:7      | Gained mutation: Your spells are a little easier to cast, but a little less powerful. [mutagenic meat]
  4722 | D:7      | Noticed Prince Ribbit
  4743 | D:7      | Killed Prince Ribbit
  4883 | D:7      | Found a hide-covered altar of Uskayaw.
  5186 | D:8      | Reached skill level 15 in Axes
  5249 | D:8      | Noticed Maurice
  5414 | D:8      | Killed Maurice
  5625 | D:9      | Reached **** piety under Hepliaklqana
  5627 | D:9      | Found a glowing golden altar of the Shining One.
  5817 | D:9      | Reached skill level 16 in Axes
  5994 | D:9      | Noticed a two-headed ogre
  6034 | D:9      | Noticed a cyan ugly thing
  6044 | D:9      | Reached XP level 11. HP: 41/82 MP: 4/14
  6051 | D:9      | Killed a cyan ugly thing
  6128 | D:9      | Gained mutation: You are partially covered in slimy green scales. (AC +2) [mutagenic meat]
  6181 | D:9      | Killed a two-headed ogre
  6181 | D:9      | Reached skill level 17 in Axes
  6450 | D:10     | Entered Level 10 of the Dungeon
  6451 | D:10     | Found an iron altar of Okawaru.
  6609 | D:9      | Found a staircase to the Orcish Mines.
  6733 | D:10     | Noticed Psyche
  6738 | D:10     | Killed Psyche
  6738 | D:10     | Reached skill level 18 in Axes
  6900 | D:10     | Learned a level 1 spell: Apportation
  6995 | D:10     | Noticed Snorg
  7012 | D:10     | Slain by Snorg

Vault maps used:
D:1:      sevenhm_arrival_forest_fort_large_3, serial_park_tiny_1,
          hex_intersection
D:2:      led_sif_pool, old_standard_altar, first_bread, hangedman_decor_growths
D:3:      lemuel_doored_altar
D:4:      xom_butterflies, lemuel_crystal_altar,
          minmay_temple_entry_from_below_a, serial_forest,
          infiniplex_forest_side_room, infiniplex_forest_end_2,
          infiniplex_forest_straight_2, infiniplex_forest_lined_room_,
          infiniplex_forest_clump_long, infiniplex_forest_clump_long,
          infiniplex_forest_lined_2, infiniplex_forest_lined_ring,
          infiniplex_forest_3_way, uniq_pikel
D:5:      slow_altar_2, uniq_sigmund, uniq_eustachio
D:6:      portal_sewer_entry_b, serial_shops, kennysheep_mini_moat, bloody_trog
D:7:      nicolae_overflow_hidden_temple, uniq_prince_ribbit1
D:8:      lair_entry_dummy, david_nohive_1, uniq_maurice
D:9:      nicolae_ru_the_path_less_chosen, lemuel_coloured_pillars_altar,
          old_standard_altar, erik_orc_1
D:10:     okawaru_metal_pillars_3, uniq_psyche, uniq_snorg
Sewer:    sewer_frog_island_01

Skill      XL: |  1  2  3  4  5  6  7  8  9 10 11 |
---------------+----------------------------------+-----
Fighting       | 1 3 4 5 6 7 |  7.6
Axes           | 4 5 8 9 13 16 18 | 18.3
Invocations    | 2 4 6 |  6.1
Armour         | 1 3 4 |  4.1
Short Blades   | |  1.0
Dodging        | |  1.5
Stealth        | |  2.4
Spellcasting   | |  1.5
Hexes          | |  3.0

Action                   |  1- 3 |  4- 6 |  7- 9 | 10-12 || total
-------------------------+-------+-------+-------+-------++-------
Melee: Dagger            |    87 |    75 |       |       ||   162
       Hand axe          |       |     5 |   263 |   258 ||   526
       Kick              |       |       |    44 |   107 ||   151
       War axe           |       |       |       |   131 ||   131
Throw: Throwing net      |       |       |       |     1 ||     1
 Cast: Corona            |     8 |     9 |    18 |    12 ||    47
       Ensorcelled Hiber |    15 |    11 |       |       ||    26
       Confuse           |       |     5 |     6 |       ||    11
Invok: Recall Ancestor   |       |     2 |     1 |       ||     3
       Ancestor Life: Kn |       |     1 |       |       ||     1
Evoke: Wand              |       |     9 |     7 |    13 ||    29
  Use: Potion            |     1 |     3 |     3 |     3 ||    10
       Scroll            |       |     2 |     7 |     7 ||    16
 Stab: Sleeping          |    13 |     2 |       |     1 ||    16
       Distracted        |       |     1 |     2 |     4 ||     7
       Confused          |       |       |     3 |     2 ||     5
       Invisible         |       |       |       |     1 ||     1
       Paralysed         |       |       |       |     3 ||     3
  Eat: Chunk             |     1 |     5 |    11 |    15 ||    32
       Fruit             |       |     2 |       |       ||     2
       Royal jelly       |       |       |     2 |     1 ||     3
       Bread ration      |       |       |       |     1 ||     1
Armor: Robe              |    22 |    30 |    26 |       ||    78
       Skin              |       |     3 |    11 |       ||    14
       Ring mail         |       |       |    43 |    64 ||   107
       Troll leather arm |       |       |       |    70 ||    70
Dodge: Dodged            |    68 |    90 |   121 |   179 ||   458

Table legend:
 A = Spawn XP
 B = Non-spawn XP
 C = Spawn XP percentage of total XP
 D = Spawn monster count
 E = Non-spawn monster count
 F = Spawn count percentage of total count
 G = Total turns spent on level
                    A         B        C        D         E        F      G
               +---------+---------+-------+---------+---------+-------+---------
         Total |       0 |   14215 |   0.0 |       0 |     256 |   0.0 |  7012
               +---------+---------+-------+---------+---------+-------+---------
           D:1 |       0 |      49 |   0.0 |       0 |      25 |   0.0 |   527
           D:2 |       0 |      79 |   0.0 |       0 |      21 |   0.0 |   548
           D:3 |       0 |     119 |   0.0 |       0 |      15 |   0.0 |   464
           D:4 |       0 |    1057 |   0.0 |       0 |      15 |   0.0 |   653
           D:5 |       0 |     822 |   0.0 |       0 |      23 |   0.0 |   821
           D:6 |       0 |    1485 |   0.0 |       0 |      27 |   0.0 |   957
           D:7 |       0 |    3060 |   0.0 |       0 |      32 |   0.0 |   867
           D:8 |       0 |    1003 |   0.0 |       0 |      16 |   0.0 |   429
           D:9 |       0 |    4457 |   0.0 |       0 |      52 |   0.0 |  1114
          D:10 |       0 |    1872 |   0.0 |       0 |      11 |   0.0 |   318
         Sewer |       0 |     212 |   0.0 |       0 |      19 |   0.0 |   314
               +---------+---------+-------+---------+---------+-------+---------
